 Dungeon Sprint DCSS version 0.30-a0-728-gc68057be0a (webtiles) character file.

Game seed: 10352586196702994585

5 rocky1 the Trooper (level 1, -5/23 HPs)
             Began as an Ogre Gladiator on Jan 31, 2023.
             Was a Follower of Cheibriados.
             Slain by an orc
             ... wielding a +0 war axe
              (11 damage)
             ... in the Dungeon (Sprint VII: "The Pits").
             The game lasted 00:00:42 (78 turns).

rocky1 the Trooper (Ogre Gladiator)                   Turns: 78, Time: 00:00:43

Health: -5/23      AC:  3    Str: 19    XL:     1   Next: 80%
Magic:  1/1        EV: 10    Int: 11    God:    Cheibriados [*.....]
Gold:   0          SH:  0    Dex: 12    Spells: 0/0 levels left

rFire   . . .      SeeInvis .    o - +2 mace
rCold   . . .      Faith    .    (no shield)
rNeg    . . .      Spirit   .    b - +0 robe
rPois   .          Reflect  .    c - +0 hat
rElec   .          Harm     .    (no cloak)
rCorr   .          Rampage  .    (gloves unavailable)
Will    .....      NoTele   +    (boots unavailable)
Stlth   +                        (no amulet)
HPRegen 0.23/turn                (no ring)
MPRegen 0.07/turn                (no ring)

@: very slow
A: large, unfitting armour, tough skin 1
a: Renounce Religion, Bend Time


You were in the Dungeon.
You worshipped Cheibriados.
Cheibriados was aware of your devotion.
You visited 1 branch

Inventory:

Hand Weapons
 a - a +0 flail
 o - a +2 mace (weapon)
Missiles
 d - 3 throwing nets (quivered)
 e - a large rock
Armour
 b - a +0 robe (worn)
 c - a +0 hat (worn)
Scrolls
 k - a scroll of blinking
 m - 5 scrolls of amnesia
 n - a scroll of summoning
Potions
 f - a potion of curing
 g - a potion of heal wounds
 h - a potion of haste
 i - 4 potions of magic
 j - 3 potions of berserk rage
 l - 2 potions of invisibility


   Skills:
 + Level 3.4 Fighting
 * Level 3.4 Maces & Flails
 - Level 2.0 Throwing
 + Level 3.1 Dodging
 + Level 1.0 Invocations


You couldn't memorise any spells.
You didn't know any spells.
Your spell library was empty.

Dungeon Overview and Level Annotations

Branches:
Dungeon (1/1)

Altars:
Ashenzari
Cheibriados
Dithmenos
Elyvilon
Fedhas
Gozag
Hepliaklqana
Kikubaaqudgha
Makhleb
Nemelex Xobeh
Okawaru
Qazlal
Ru
Sif Muna
Trog
Uskayaw
Vehumet
Wu Jian
Xom
Yredelemnul
Zin
The Shining One
Jiyva
Lugonu


Innate Abilities, Weirdness & Mutations

You are too large for most types of armour.
You have tough skin. (AC +1)


Message History

The goblin shouts!
The rat bites you. The goblin hits you with a +0 club.
There is an open door here.
You hit the goblin.
You kill the goblin!
Cheibriados appreciates the change of pace.
The rat bites you.
You thump the rat!
You kill the rat!
Cheibriados appreciates the change of pace.
Your Dodging skill increases to level 3!
No target in view!
You open the door.
An endoplasm and a frilled lizard come into view.
An orc comes into view. It is wielding a +0 war axe.
There is an open door here.
The helpless endoplasm fails to defend itself.
You sock the endoplasm!
You kill the endoplasm!
Cheibriados appreciates the change of pace.
You can now bend time to slow others.
Cheibriados raises the support of your attributes as your movement slows.
The frilled lizard hisses angrily.
The orc shouts!
You hit the frilled lizard.
The frilled lizard is heavily wounded.
The frilled lizard bites you.
You hit the frilled lizard.
You kill the frilled lizard!
Cheibriados appreciates the change of pace.
The orc barely misses you. The orc hits you with a +0 war axe.
Your Invocations skill increases to level 1!
You hit the orc.
The orc is severely wounded.
The orc hits you with a +0 war axe!
* * * LOW HITPOINT WARNING * * *
You are too injured to fight recklessly!
You hit the orc.
The orc is almost dead.
The orc hits you with a +0 war axe!
You die...

#_________.#
#_______...###########
##########'##.........
#.?(.')))'.##......#..
##########.##.........
#...........'.........
#+#####'#####......#..
#..#).# #.........
#..@..# ####'#####
#.o#### #.......# #..
#.......# #..
#.......# ##+
#...<...# #.......#
#.......# #.......#
#########


You could see an orc.

Vanquished Creatures
  An endoplasm (D)
  A giant cockroach (D)
  A goblin (D)
  A frilled lizard (D)
  A rat (D)
5 creatures vanquished.

Notes
Turn   | Place    | Note
-------+----------+-------------------------------------------
     0 | D        | rocky1 the Ogre Gladiator began the quest for the Orb.
     0 | D        | Reached XP level 1. HP: 22/22 MP: 1/1
    40 | D        | Found a bloodstained altar of Trog.
    40 | D        | Found a shimmering blue altar of Sif Muna.
    40 | D        | Found a viscous altar of Jiyva.
    40 | D        | Found a hazy altar of Hepliaklqana.
    40 | D        | Found an opulent altar of Gozag.
    41 | D        | Found a glowing golden altar of the Shining One.
    41 | D        | Found a glowing silver altar of Zin.
    41 | D        | Found a basalt altar of Yredelemnul.
    41 | D        | Found a shimmering altar of Xom.
    41 | D        | Found an ornate altar of the Wu Jian Council.
    41 | D        | Found a sacrificial altar of Ru.
    41 | D        | Found a stormy altar of Qazlal.
    41 | D        | Found an iron altar of Okawaru.
    41 | D        | Found a sparkling altar of Nemelex Xobeh.
    41 | D        | Found a burning altar of Makhleb.
    41 | D        | Found a blossoming altar of Fedhas.
    41 | D        | Found a white marble altar of Elyvilon.
    41 | D        | Found a shadowy altar of Dithmenos.
    41 | D        | Found a snail-covered altar of Cheibriados.
    44 | D        | Found a corrupted altar of Lugonu.
    44 | D        | Found a radiant altar of Vehumet.
    45 | D        | Found an ancient bone altar of Kikubaaqudgha.
    45 | D        | Found a hide-covered altar of Uskayaw.
    45 | D        | Found a broken altar of Ashenzari.
    52 | D        | Became a worshipper of Cheibriados the Contemplative
    74 | D        | Reached * piety under Cheibriados
    77 | D        | Reached skill level 1 in Invocations
    78 | D        | Slain by an orc

Illustrated notes

Levels and vault maps discovered:
D:        pitsprint [storerooms_1, entrance_room_1, metal_vault_3, armoury_2,
          mini_pit_1, grid_room_1, main_hall_1, silver_pit, the_coven_2,
          the_vestibule_1, steel_vault_1, golden_pit, hallway_of_sentries,
          crystal_vault_1, iron_vault_1, final_vault]

Skill      XL: |  1 |
---------------+----+-----
Fighting       | 3 |  3.4
Maces & Flails | 3 |  3.4
Dodging        | 3 |  3.1
Invocations    | 1 |  1.0
Throwing       | |  2.0

Action                     || total
---------------------------++-------
  Melee: Mace              ||     7
         Flail             ||     1
   Stab: Sleeping          ||     1
 Armour: Robe              ||     1
  Dodge: Dodged            ||     1

Table legend: (Time is in decaauts)
 A = Elapsed time spent in this place.
 B = Non-inter-level travel time spent in this place.
 C = Inter-level travel time spent in this place.
 D = Time resting spent in this place.
 E = Time spent auto-exploring this place.
 F = Levels seen in this place.
 G = Mean time per level.
                   A        B        C        D        E       F      G
               +--------+--------+--------+--------+--------+-----+--------+
         Total |     84 |     84 |      0 |      0 |      0 |   1 |   84.0 |
       Dungeon |     84 |     84 |      0 |      0 |      0 |   1 |   84.0 |
               +--------+--------+--------+--------+--------+-----+--------+

Top non-repeatable levels by time:
       D: 84 daAuts
